 Dungeon Crawl Stone Soup version 0.30.1-9-gdf580d7c3d (webtiles) character file.

Game seed: 6526443369228387388

447 Psyclone the Magician (level 6, -1/32 HPs)
             Began as a Deep Elf Conjurer on Sept 26, 2023.
             Was an Initiate of Ashenzari.
             Slain by an iguana (4 damage)
             ... on level 5 of the Dungeon.
             The game lasted 00:08:23 (4578 turns).

Psyclone the Magician (Deep Elf Conjurer)           Turns: 4578, Time: 00:08:23

Health: -1/32      AC:  2    Str:  4    XL:     6   Next: 73%
Magic:  17/27      EV: 12    Int: 25    God:    Ashenzari [......]
Gold:   200        SH:  0    Dex: 13    Spells: 16/19 levels left

rFire   + . .        f - +3 dagger
rCold   + . .        (no shield)
rNeg    . . .        a - +0 robe
rPois   .            (no helmet)
rElec   .            e - scarf {rC+ rF+}
rCorr   .            (no gloves)
SInv    .            (no boots)
Will    .....        (no amulet)
Stlth   ++           n - ring of magical power
HPRegen 0.25/turn    (no ring)
MPRegen 0.20/turn

%: no passive effects
@: no status effects
A: no striking features
a: Renounce Religion


You were on level 5 of the Dungeon.
You worshipped Ashenzari.
Ashenzari was noncommittal.
You visited 2 branches of the dungeon, and saw 6 of its levels.

You collected 200 gold pieces.

Inventory:

Hand Weapons
 f - a +3 dagger (weapon)
Armour
 a - a +0 robe (worn)
 e - a scarf of resistance (worn)
Jewellery
 n - a ring of magical power (left hand)
Wands
 d - a wand of acid (10)
 o - a wand of polymorph (9)
Scrolls
 c - 5 scrolls of teleportation
 h - 6 scrolls of enchant armour {unknown}
 i - 3 scrolls of noise
 j - 2 scrolls of fog {unknown}
 k - 3 scrolls of fear {unknown}
 m - a scroll of immolation {unknown}
 q - a scroll of brand weapon {unknown}
Potions
 b - 2 potions of magic
 g - 3 potions of curing
 l - a potion of mutation
 p - a potion of lignification {unknown}


   Skills:
 - Level 2.4 Dodging
 - Level 2.4 Stealth
 + Level 7.1 Spellcasting
 + Level 7.0 Conjurations


You had 16 spell levels left.
You knew the following spells:

 Your Spells              Type           Power      Damage    Failure   Level
a - Magic Dart            Conj           100%       1d8       1%          1
b - Searing Ray           Conj           88%        2d7       1%          2

Your spell library contained the following spells:

 Spells                   Type           Power      Damage    Failure   Level
 Kiss of Death            Conj/Necr      100%       2d13      1%          1
 Dazzling Flash           Conj/Hex       52%        N/A       4%          3
 Sublimation of Blood     Necr           8%         N/A       10%         2
 Wereblood                Tmut           8%         N/A       10%         2
 Fulminant Prism          Conj/Hex       13%        3d9       16%         4
 Iskenderun's Mystic Bla  Conj/Tloc      26%        2d7       16%         4
 Call Canine Familiar     Summ           8%         N/A       21%         3
 Confusing Touch          Hex            8%         N/A       21%         3
 Portal Projectile        Hex/Tloc       16%        N/A       21%         3
 Dispel Undead            Necr           8%         3d8       54%         4
 Leda's Liquefaction      Hex/Erth       4%         N/A       54%         4
 Summon Hydra             Summ           4%         N/A       100%        7


Dungeon Overview and Level Annotations

Branches:
Dungeon (5/15) Zot: 25464  Temple (1/1) D:5 Zot: 5957

Altars:
Ashenzari
Dithmenos
Elyvilon
Fedhas
Hepliaklqana
Kikubaaqudgha
Makhleb
Nemelex Xobeh
Qazlal
Sif Muna
Trog
Vehumet
Wu Jian
Yredelemnul
Zin
The Shining One

Annotations:
D:2 exclusion: downstairs


Message History

The searing ray misses the hound.
You finish channelling your searing ray.
The hound bites you. The hound closely misses you.
You now have 22/27 mp.
The hound bites you.
The iguana hisses angrily.
You take 3 damage, and have 24/32 hp.
Casting: Searing Ray (safe; 1% risk of failure)
Confirm with . or Enter, or press ? or * to list all spells.
Aiming: Searing Ray (safe; 1% risk of failure)
Press: ? - help, Shift-Dir - straight line, f/p - hound
Aim: a hound (almost dead, 75% to hit)
The searing ray hits the hound.
You kill the hound! (Press . to maintain the ray.)
The iguana barely misses you.
Your Conjurations skill increases to level 7!
You now have 21/27 mp.
Casting: Searing Ray (safe; 1% risk of failure)
Confirm with . or Enter, or press ? or * to list all spells.
Restarting spell: Searing Ray (safe; 1% risk of failure)
Press: ? - help, Shift-Dir - straight line, f - iguana
Aim: an iguana (84% to hit)
The searing ray hits the iguana.
The iguana is moderately wounded. (Press . to maintain the ray.)
The iguana bites you.
You take 1 damage, and have 23/32 hp.
You now have 19/27 mp.
The searing ray misses the iguana.
The iguana bites you!
You take 10 damage, and have 13/32 hp.
MASSIVE DAMAGE!!
You now have 18/27 mp.
The searing ray hits the iguana.
The iguana is heavily wounded.
The iguana bites you!
* * * LOW HITPOINT WARNING * * *
You take 10 damage, and have 3/32 hp.
MASSIVE DAMAGE!!
You now have 17/27 mp.
The searing ray hits the iguana.
The iguana is severely wounded.
You finish channelling your searing ray.
The iguana bites you.
You die...

#### ... <.#
### # #.# ....
# ##.####[##..#
# ......l@†...#
# #
##$####.##.##
#. # #..##.#
#.######
#.###.#
#.).)... #.#
#.# ###.####
#.###.#####
#..# #
#.........#
##[###
#..[......###.#
#...##
#####.##### #.#
#.8.#


You could see an iguana.

Vanquished Creatures
  2 hounds
  2 orc priests
  Ijyb (D:3)
  An iguana (D:4)
  2 orc wizards
  7 adders
  A gnoll (D:1)
  An ufetubus (D:4)
  A dart slug (D:1)
  2 worms
  23 orcs
  2 bats
  8 endoplasms
  2 giant cockroaches (D:2)
  6 goblins
  6 hobgoblins
  16 jackals
  8 kobolds
  6 quokkas
  6 ball pythons
  4 frilled lizards
  8 rats
115 creatures vanquished.

Notes
Turn   | Place    | Note
-------+----------+-------------------------------------------
     0 | D:1      | Psyclone the Deep Elf Conjurer began the quest for the Orb.
     0 | D:1      | Reached XP level 1. HP: 10/10 MP: 6/6
   271 | D:1      | Reached XP level 2. HP: 15/15 MP: 5/8
   389 | D:1      | Learned a level 2 spell: Searing Ray
   546 | D:1      | Reached skill level 5 in Conjurations
   546 | D:1      | Reached XP level 3. HP: 19/19 MP: 7/10
   641 | D:1      | You fall into a shaft and drop 1 floor!
  1480 | D:2      | Found a radiant altar of Vehumet.
  1486 | D:2      | Reached XP level 4. HP: 24/24 MP: 10/12
  1644 | D:2      | Found a faded altar of an unknown god.
  2100 | D:3      | Reached skill level 5 in Spellcasting
  2375 | D:3      | Reached XP level 5. HP: 28/28 MP: 8/15
  2458 | D:3      | Noticed Ijyb
  2466 | D:3      | Killed Ijyb
  3776 | D:4      | Reached XP level 6. HP: 32/32 MP: 17/17
  4270 | D:5      | Entered Level 5 of the Dungeon
  4425 | D:5      | Found a staircase to the Ecumenical Temple.
  4440 | Temple   | Entered the Ecumenical Temple
  4461 | Temple   | Became a worshipper of Ashenzari the Shackled
  4578 | D:5      | Slain by an iguana

Illustrated notes

Levels and vault maps discovered:
D:1:      dpeg_arrival_rooms_a, layout_rooms, nicolae_grassy_gnolls
D:2:      layout_loops_corners, basic_altar, ebering_ecumenical_altar_ruins,
          kennysheep_generic_room_10
D:3:      layout_loops_cross, grunt_ministairs_15, item_on_display_a, uniq_ijyb
D:4:      layout_basic
D:5:      layout_loops_ring, minmay_temple_entry_antechambers, uniq_menkaure,
          uniq_edmund, uniq_duvessa, uniq_grinder
Temple:   hellmonk_temple_of_storms

Skill      XL: |  1  2  3  4  5  6 |
---------------+-------------------+-----
Spellcasting   | 4 5 6 7 |  7.1
Conjurations   | 5 6 7 |  7.0
Dodging        | |  2.4
Stealth        | |  2.4

Action                     |  1- 3 |  4- 6 || total
---------------------------+-------+-------++-------
  Melee: Dagger            |       |    11 ||    11
   Cast: Magic Dart        |    67 |   116 ||   183
         Searing Ray       |       |    22 ||    22
    Use: Scroll            |       |     4 ||     4
 Armour: Robe              |     3 |     3 ||     6
  Dodge: Dodged            |    12 |    21 ||    33
